 Dungeon Crawl Stone Soup version 0.29-a0-8-g0446c0dae4 (webtiles) character file.

Game seed: 3977404155333780912

539 cyrus the Skirmisher (level 7, -7/56 HPs)
             Began as a Formicid Fighter on Jan 27, 2022.
             Was a Follower of Yredelemnul.
             Blown up by Pikel (21 damage)
             ... with a mindburst bolt
             ... on level 6 of the Dungeon.
             The game lasted 00:15:01 (5370 turns).

cyrus the Skirmisher (Formicid Fighter)             Turns: 5370, Time: 00:15:04

Health: -7/56      AC:  7    Str: 23    XL:     7   Next: 51%
Magic:  7/7        EV: 10    Int:  7    God:    Yredelemnul [*.....]
Gold:   234        SH:  0    Dex: 10    Spells: 6/6 levels left

rFire   . . .      SeeInvis +   a - +0 trident
rCold   . . .      Faith    .   c - +0 buckler
rNeg    . . .      Spirit   .   b - +0 scale mail
rPois   .          Reflect  .   (helmet unavailable)
rElec   .          Harm     .   (no cloak)
rCorr   .          Rampage  .   (no gloves)
Will    .....                   (no boots)
Stlth   ..........              (no amulet)
HPRegen 0.18/turn               (no ring)
MPRegen 0.10/turn               (no ring)

@: confused
A: permanent stasis, dig shafts and tunnels, antennae 3, four strong arms
a: Dig, Shaft Self, Renounce Religion, Recall Undead Harvest


You were on level 6 of the Dungeon.
You worshipped Yredelemnul.
Yredelemnul was noncommittal.
You visited 2 branches of the dungeon, and saw 6 of its levels.

You collected 234 gold pieces.

Inventory:

Hand Weapons
 a - a +0 trident (weapon)
Missiles
 f - 5 boomerangs (quivered)
Armour
 b - a +0 scale mail (worn)
 c - a +0 buckler (worn)
Jewellery
 k - a ring of flight
Wands
 l - a wand of mindburst (5)
Scrolls
 d - a scroll of teleportation
 h - a scroll of magic mapping {unknown}
 i - a scroll of identify
 m - a scroll of silence {unknown}
Potions
 e - 2 potions of berserk rage {unknown}
 g - a potion of flight {unknown}
 j - a potion of attraction {unknown}


   Skills:
 + Level 5.2 Fighting
 + Level 4.4 Polearms
 + Level 5.0 Armour
 + Level 2.1 Dodging
 + Level 4.6 Shields
 + Level 0.3 Invocations


You had 6 spell levels left.
You didn't know any spells.
Your spell library was empty.

Dungeon Overview and Level Annotations

Branches:
Dungeon (6/15)             Temple (1/1) D:5

Altars:
Cheibriados
Elyvilon
Hepliaklqana
Kikubaaqudgha
Makhleb
Okawaru
Qazlal
Ru
Sif Muna
Trog
Wu Jian
Xom
Yredelemnul
Zin
Lugonu

Annotations:
D:6 Pikel


Innate Abilities, Weirdness & Mutations

You cannot be hasted, slowed, berserked, paralysed or teleported.
You can dig through walls and to a lower floor.
You have a pair of large antennae on your head. (SInv)
Your four strong arms can wield two-handed weapons with a shield.


Message History

Your spectral jelly barely misses the orc priest.
The orc priest hits you with a +0 short sword.
Your spectral iguana bites the orc wizard!
The orc wizard dies!
A black mist starts to gather...
Your Dodging skill increases to level 2!
Are you sure you want to stumble around while confused and next to your orc zombie?
You bump into the rock wall.
Your spectral jelly hits the orc priest.
The orc priest hits you but does no damage.
Your orc zombie closely misses the orc priest.
Are you sure you want to stumble around while confused and next to your orc zombie?
Okay, then.
There are monsters nearby!
Are you sure you want to stumble around while confused and next to your orc zombie?
You bump into the rock wall.
Your spectral jelly hits the orc priest.
Your spectral jelly drains the orc priest.
The orc priest hits you but does no damage.
Your orc zombie barely misses the orc priest.
Your spectral iguana bites the orc priest.
Pikel zaps a wand.
Your mind is blasted!
You are too confused!
Are you sure you want to stumble around while confused and next to your orc zombie?
Your spectral jelly barely misses the orc priest.
The orc priest calls down the wrath of Beogh upon you.
Pain shoots through your body!
* * * LOW HITPOINT WARNING * * *
Your spectral iguana bites the orc priest.
Your orc zombie barely misses the orc priest.
Pikel cracks his whip.
Are you sure you want to stumble around while confused and next to your orc wizard zombie?
Your spectral jelly hits the orc priest.
The orc priest hits your spectral jelly with a +0 short sword.
Your spectral iguana closely misses the orc priest.
A lemure comes into view.
Your orc wizard zombie closely misses the orc priest.
The lemure hits your orc wizard zombie.
Pikel zaps a wand.
Your mind is blasted!
You die...

## ### #.###.###
##.#.....##
#[.....##.###
#.....#....#
#...#......#
##..#......#
#.@oZ...####
#KZZZ##.##
#...5...$.).##
.............)..###
.....#....##......#
.....##.>5##.........
...# ###...........#
#.. #.5..#.###.## .#
#....# .. .#


You could see Pikel, 3 lemures, an orc priest (drained, ally target), a friendly
spectral iguana, a friendly spectral jelly, a friendly orc zombie and a friendly
orc wizard zombie.

Vanquished Creatures
  A sky beast (D:5)
  2 scorpions (D:5)
  A centaur zombie (D:5)
  2 jellies
  An iguana (D:6)
  5 adders
  A shadow imp (D:5)
  2 dart slugs (D:1)
  A worm (D:2)
  3 ball pythons (D:1)
  3 bats
  5 endoplasms
  3 giant cockroaches
  5 goblins
  3 hobgoblins
  3 jackals (D:3)
  5 quokkas
  2 frilled lizards (D:1)
  A jackal skeleton (D:3)
  3 kobolds (D:2)
  A rat (D:2)
53 creatures vanquished.

Vanquished Creatures (collateral kills)
  A jelly (D:5)
  An iguana (D:5)
  An orc wizard (D:6)
  2 adders (D:5)
  An ufetubus (D:5)
  2 orcs (D:6)
8 creatures vanquished.

Vanquished Creatures (others)
  A sky beast zombie (D:5)
  A spectral ufetubus (D:5)
  4 demonic plants (Temple)
6 creatures vanquished.

Grand Total: 67 creatures vanquished

Notes
Turn   | Place    | Note
-------+----------+-------------------------------------------
     0 | D:1      | cyrus the Formicid Fighter began the quest for the Orb.
     0 | D:1      | Reached XP level 1. HP: 18/18 MP: 1/1
    86 | D:1      | Reached XP level 2. HP: 21/24 MP: 2/2
   550 | D:1      | Found a faded altar of an unknown god.
   591 | D:1      | Reached XP level 3. HP: 29/29 MP: 3/3
  1876 | D:2      | Reached XP level 4. HP: 34/34 MP: 4/4
  2501 | D:2      | Reached skill level 1 in Dodging
  2764 | D:3      | Reached XP level 5. HP: 22/42 MP: 5/5
  3011 | D:3      | You fall into a shaft and drop 2 floors!
  3011 | D:5      | Entered Level 5 of the Dungeon
  3499 | D:5      | Found a staircase to the Ecumenical Temple.
  3509 | Temple   | Entered the Ecumenical Temple
  3635 | Temple   | Became a worshipper of Yredelemnul the Dark
  3750 | D:5      | Reached XP level 6. HP: 37/49 MP: 2/6
  3824 | D:5      | Noticed a sky beast
  3842 | D:5      | Killed a sky beast
  3968 | D:5      | Found a white marble altar of Elyvilon.
  3971 | D:5      | Found a shimmering altar of Xom.
  3975 | D:5      | Found a bloodstained altar of Trog.
  4072 | D:5      | Reached XP level 7. HP: 11/55 MP: 7/7
  4430 | D:5      | Reached * piety under Yredelemnul
  4574 | D:5      | Reached skill level 5 in Fighting
  5297 | D:5      | You fall into a shaft and drop 1 floor!
  5346 | D:6      | Reached skill level 5 in Armour
  5361 | D:6      | Noticed Pikel
  5370 | D:6      | Blown up by Pikel

Illustrated notes

Levels and vault maps discovered:
D:1:      eino_arrival_water_cross, layout_loops_cross,
          shapermc_ecumenical_altar_petra
D:2:      layout_basic, chequers_serial_rivers_large_a
D:3:      layout_basic, overflow_temple_1_default
D:5:      layout_gridville, grunt_temple_overflow_diamond,
          minmay_temple_entry_poolview, minivault_14,
          nicolae_elevator_lobby_asterisk
D:6:      layout_cave_pools, mainiacjoe_overflow_small_starburst,
          lemuel_crystal_altar, uniq_maggie, uniq_pikel
Temple:   kb_corrupted_temple

Skill      XL: |  1  2  3  4  5  6  7 |
---------------+----------------------+-----
Shields        | 4 |  4.6
Fighting       | 4 5 |  5.2
Dodging        | 1 2 |  2.1
Armour         | 4 5 |  5.0
Polearms       | 3 4 |  4.4
Invocations    | |  0.3

Action                   |  1- 3 |  4- 6 |  7- 9 || total
-------------------------+-------+-------+-------++-------
Melee: Trident           |   102 |   159 |    40 ||   301
Invok: Recall Undead Har |       |     3 |       ||     3
 Abil: Dig               |     1 |       |       ||     1
       Shaft Self        |       |     1 |     1 ||     2
Evoke: Wand              |       |       |     1 ||     1
  Use: Scroll            |     4 |       |       ||     4
       Potion            |     1 |     3 |       ||     4
Armor: Scale mail        |    60 |    95 |    18 ||   173
Dodge: Dodged            |    47 |   101 |    26 ||   174
Block: Buckler           |    21 |    35 |    10 ||    66

Table legend: (Time is in decaauts)
 A = Elapsed time spent in this place.
 B = Non-inter-level travel time spent in this place.
 C = Inter-level travel time spent in this place.
 D = Time resting spent in this place.
 E = Time spent auto-exploring this place.
 F = Levels seen in this place.
 G = Mean time per level.
                   A        B        C        D        E       F      G
               +--------+--------+--------+--------+--------+-----+--------+
         Total |   5433 |   5433 |      0 |   1985 |   2138 |   6 |  905.5 |
       Dungeon |   5231 |   5231 |      0 |   1985 |   2096 |   5 | 1046.2 |
        Temple |    202 |    202 |      0 |      0 |     42 |   1 |  202.0 |
               +--------+--------+--------+--------+--------+-----+--------+

Top non-repeatable levels by time:
     D:5: 2100 daAuts
     D:2: 1354 daAuts
     D:1: 1287 daAuts
     D:3: 412 daAuts
  Temple: 202 daAuts
     D:6: 76 daAuts
